 Dungeon Crawl Stone Soup version 0.17.0-28-g6e173f8 (webtiles) character file.

417 George the Skirmisher (level 6, -2/40 HPs)
             Began as a Gargoyle Fighter on Nov 22, 2015.
             Slain by a killer bee (4 damage)
             ... on level 5 of the Dungeon.
             The game lasted 00:07:36 (4174 turns).

George the Skirmisher (Gargoyle Fighter)            Turns: 4174, Time: 00:07:36

Health: -2/40      AC: 15    Str: 20    XL:     6   Next: 92%
Magic:  6/6        EV:  5    Int:  4    God:
Gold:   297        SH: 10    Dex: 11    Spells: 0 memorised, 5 levels left

rFire  . . .     SeeInvis .     a - +0 flail
rCold  . . .     Clarity  .     g - +0 chain mail
rNeg   + . .     SustAt   .     c - +0 shield
rPois  ∞         Gourm    .     (no helmet)
rElec  +         Spirit   .     w - +0 cloak
rCorr  .         Warding  .     (no gloves)
rMut   .         Rnd*Tele +     (no boots)
MR     .....                    l - amulet of regeneration
Stlth  ..........               m - -4 ring of intelligence (curse)
                                f - ring of teleportation (curse)

@: not resistant to hostile enchantments, extremely unstealthy
A: negative energy resistance 1, electricity resistance, unbreathing,
petrification resistance, rot immunity, AC +4
a: Evoke Teleportation


You were on level 5 of the Dungeon.
You were hungry.

You visited 2 branches of the dungeon, and saw 6 of its levels.

You collected 297 gold pieces.

Inventory:

Hand Weapons
 a - a +0 flail (weapon)
Armour
 c - a +0 shield (worn)
 g - a +0 chain mail (worn)
 w - a +0 cloak (worn)
Jewellery
 f - a cursed ring of teleportation (left hand)
 l - an amulet of regeneration (around neck)
 m - a cursed -4 ring of intelligence (right hand)
Wands
 r - a wand of teleportation (5)
Scrolls
 t - a scroll of fear
 u - a scroll of recharging
Potions
 d - a potion of might
 k - 3 potions of invisibility {unknown}
 n - 2 potions of flight {unknown}
 v - a potion of mutation {unknown}
Miscellaneous
 p - a plain deck of changes
Comestibles
 e - 4 bread rations
 h - a beef jerky
 i - 2 meat rations


   Skills:
 + Level 5.3 Fighting
 + Level 3.7 Maces & Flails
 + Level 4.6 Armour
 + Level 5.1 Shields


You had 5 spell levels left.
You didn't know any spells.

Dungeon Overview and Level Annotations

Branches:
Dungeon (5/15)             Temple (1/1) D:4

Altars:
Cheibriados
Elyvilon
Fedhas
Gozag
Kikubaaqudgha
Makhleb
Qazlal
Ru
Sif Muna
Trog
Vehumet
Xom
Yredelemnul
Zin
The Shining One

Annotations:
D:2 1 exclusion


Innate Abilities, Weirdness & Mutations

You are resistant to torment.
Your stone body is resilient (AC +4).
You are immune to poison.
You resist negative energy.
You are resistant to electric shocks.
You can survive without breathing.
You are immune to petrification.
You are immune to rotting.


Message History

You barely miss the killer bee.
The killer bee is almost dead.
You block the killer bee's attack.
The killer bee stings you but does no damage.
The killer bee stings you.
* * * LOW HITPOINT WARNING * * *
You completely miss the killer bee.
The killer bee is almost dead.
The killer bee barely misses you. You block the killer bee's attack.
You closely miss the killer bee.
The killer bee is almost dead.
You block the killer bee's attack.
The killer bee stings you but does no damage. x2
You closely miss the killer bee.
The killer bee is almost dead.
The killer bee stings you.
* * * LOW HITPOINT WARNING * * *
The killer bee stings you but does no damage.
The killer bee stings you.
You die...

..# ###### <.
#....# .. #....# .
##.#. #.[:.####....
..... #./..@y....#
#.##. #...)#####.#
#.##. #....#.+
#.##. #.%..#.####
#)##. #....#....#
##.### ####...##.#
##..[##
###.##.######.....#
#................
############...#.


You could see a killer bee.

Vanquished Creatures
  An ogre (D:5)
  3 killer bees (D:5)
  A jelly (D:4)
  An orc wizard (D:5)
  6 adders
  A shadow imp (D:5)
  3 oozes
  A worm (D:2)
  4 orcs
  5 giant cockroaches
  9 hobgoblins
  9 kobolds
  A quokka (D:5)
  9 bats
  3 giant geckos
  2 giant newts
  7 goblins
  A quokka zombie (D:5)
  8 rats
75 creatures vanquished.

Notes
Turn   | Place    | Note
--------------------------------------------------------------
     0 | D:1      | George the Gargoyle Fighter began the quest for the Orb.
     0 | D:1      | Reached XP level 1. HP: 14/14 MP: 1/1
   304 | D:1      | Reached XP level 2. HP: 19/19 MP: 2/2
   862 | D:1      | Reached XP level 3. HP: 24/24 MP: 3/3
  1177 | D:2      | Reached skill level 4 in Shields
  1425 | D:2      | Found a glowing silver altar of Zin.
  1486 | D:2      | Reached XP level 4. HP: 22/29 MP: 4/4
  1755 | D:2      | Found a bloodstained altar of Trog.
  2322 | D:3      | Found a faded altar to an unknown god.
  2645 | D:3      | Reached XP level 5. HP: 34/34 MP: 5/5
  2986 | D:4      | Found a bloodstained altar of Trog.
  3126 | D:4      | Found a staircase to the Ecumenical Temple.
  3135 | Temple   | Entered the Ecumenical Temple
  3670 | D:4      | Found a deep blue altar of Sif Muna.
  3876 | D:5      | Entered Level 5 of the Dungeon
  3975 | D:5      | Found a glowing golden altar of the Shining One.
  4009 | D:5      | Noticed an ogre
  4032 | D:5      | Killed an ogre
  4032 | D:5      | Reached XP level 6. HP: 17/40 MP: 6/6
  4050 | D:5      | Reached skill level 5 in Fighting
  4135 | D:5      | Reached skill level 5 in Shields
  4174 | D:5      | HP: 2/40 [killer bee (3)]
  4174 | D:5      | Slain by a killer bee

Action                   |  1- 3 |  4- 6 || total
-------------------------+-------+-------++-------
Melee: Flail             |   112 |   258 ||   370
  Use: Scroll            |     4 |     5 ||     9
  Eat: Chunk             |     2 |     7 ||     9
       Royal jelly       |       |     1 ||     1
